 Dungeon Crawl Stone Soup version 0.30.1-11-g7821555f0a (webtiles) character file.

Game seed: 15812276516693359436

588 KittyFluff the Cudgeller (level 7, 0/44 HPs)
             Began as a Gargoyle Berserker on Nov 10, 2023.
             Was a Believer of Trog.
             Slain by an orc
             ... wielding a +2 flail of protection
              (8 damage)
             ... on level 5 of the Dungeon.
             The game lasted 00:11:20 (2852 turns).

KittyFluff the Cudgeller (Gargoyle Berserker)       Turns: 2852, Time: 00:11:23

Health: 0/44       AC:  9    Str: 22    XL:     7   Next: 38%
Magic:  7/7        EV: 17    Int:  8    God:    Trog [**....]
Gold:   201        SH:  5    Dex:  9    Spells: 6/6 levels left

rFire   . . .        a - +0 mace
rCold   . . .        (no shield)
rNeg    + . .        e - +0 leather armour
rPois   ∞            (no helmet)
rElec   +            (no cloak)
rCorr   .            u - +0 pair of gloves
SInv    .            (no boots)
Will    .....        w - amulet of reflection
Stlth   ++           h - +5 ring of evasion
HPRegen 0.27/turn    (no ring)
MPRegen 0.10/turn

%: reflection
@: no status effects
A: sickness immunity, AC +4, negative energy resistance 1, electricity
resistance, torment resistance 1, petrification resistance
a: Renounce Religion, Berserk, Trog's Hand


You were on level 5 of the Dungeon.
You worshipped Trog.
Trog was pleased with you.
You visited 1 branch of the dungeon, and saw 5 of its levels.

You collected 201 gold pieces.

Inventory:

Hand Weapons
 a - a +0 mace (weapon)
Missiles
 b - 6 poisoned darts (quivered)
 t - 6 silver boomerangs
Armour
 e - a +0 leather armour (worn)
 u - a +0 pair of gloves (worn)
Jewellery
 h - a +5 ring of evasion (left hand)
 j - an amulet of the acrobat
 w - an amulet of reflection (around neck)
Scrolls
 c - 2 scrolls of fear
 d - a scroll of poison {unknown}
 k - 3 scrolls of teleportation
 l - a scroll of enchant weapon {unknown}
 m - a scroll of immolation {unknown}
 o - a scroll of noise {unknown}
 r - a scroll of acquirement {unknown}
 s - 3 scrolls of identify {unknown}
 v - a scroll of torment {unknown}
Potions
 f - 4 potions of curing
 g - a potion of experience {unknown}
 i - a potion of attraction {unknown}
 n - 2 potions of haste {unknown}
 p - a potion of flight {unknown}
 q - 3 potions of mutation {unknown}
 x - a potion of degeneration {unknown}
 z - a potion of resistance {unknown}
 A - a potion of cancellation {unknown}


   Skills:
 + Level 4.5 Fighting
 * Level 5.0 Maces & Flails
 * Level 5.0 Armour
 + Level 2.7 Dodging
 + Level 3.2 Stealth


You had 6 spell levels left.
You didn't know any spells.
Your spell library was empty.

Dungeon Overview and Level Annotations

Branches:
Dungeon (5/15)
 Temple: D:4-7

Altars:
Ashenzari
Cheibriados
Dithmenos
Gozag
Trog
Xom


Innate Abilities, Weirdness & Mutations

You are immune to sickness and miasma.
Your stone body is resilient. (AC +4)
You are immune to poison.
You resist negative energy. (rN+)
You are resistant to electric shocks. (rElec)
You are resistant to unholy torment.
You are immune to petrification.


Message History

An orc comes into view. It is wielding a +0 short sword.
The orc shouts!
You hit the orc.
The orc is lightly wounded.
An orc comes into view.
It is wielding a +2 flail of protection.
You block the orc priest's attack.
You hit the orc.
The orc is moderately wounded.
The orc barely misses you.
The orc priest hits you from afar with a +0 trident.
The orc completely misses you.
The orc priest hits you from afar with a +0 trident!
You thump the orc!
You kill the orc!
Trog accepts your kill. You block the orc priest's attack.
You hit the orc but do no damage. You block the orc's attack.
The orc priest misses you.
You sock the orc!
You kill the orc!
Trog accepts your kill.
The orc priest hits you but does no damage.
Your Armour skill increases to level 5!
You sock the orc!
You kill the orc!
Trog accepts your kill.
The orc priest mumbles some strange prayers to Beogh against you.
Beogh smites you!
* * * LOW HITPOINT WARNING * * *
You hit the orc but do no damage. Your punch misses the orc.
The orc priest misses you. The orc barely misses you.
You hit the orc but do no damage. You block the orc priest's attack.
The orc hits you but does no damage.
You hit the orc.
The orc is severely wounded.
The orc priest misses you.
The orc hits you with a +2 flail of protection.
* * * LOW HITPOINT WARNING * * *
The orc hits you with a +2 flail of protection!
You die...

######.##
#...#...#
#.#...#.#
#...#...#
##.###### #.#
#.# #.# #@#
#o#
#...o.......
#......#######
#......#
#.).....
#.......
#.......
####.....


You could see an orc priest and an orc.

Vanquished Creatures
  An ogre (D:4)
  A phantom (D:4)
  An orc priest (D:3)
  2 iguanas
  Natasha (thrice) (D:3)
  A sleepcap (D:4)
  An orc wizard (D:3)
  7 gnolls (D:3)
  7 adders
  A white imp (D:5)
  An ufetubus (D:4)
  2 dart slugs
  11 orcs
  3 endoplasms
  4 giant cockroaches
  4 goblins
  8 hobgoblins
  6 jackals
  2 quokkas (D:1)
  5 ball pythons
  A bat (D:3)
  2 frilled lizards
  5 kobolds
  2 rats
81 creatures vanquished.

Notes
Turn   | Place    | Note
-------+----------+-------------------------------------------
     0 | D:1      | KittyFluff the Gargoyle Berserker began the quest for the
                  | Orb.
     0 | D:1      | Reached XP level 1. HP: 14/14 MP: 1/1
    20 | D:1      | You fall into a shaft and drop 1 floor!
   107 | D:2      | Reached XP level 2. HP: 12/19 MP: 2/2
   736 | D:1      | Reached XP level 3. HP: 23/23 MP: 3/3
  1098 | D:2      | Reached skill level 1 in Stealth
  1253 | D:2      | Found a faded altar of an unknown god.
  1293 | D:2      | Reached XP level 4. HP: 29/29 MP: 4/4
  1584 | D:3      | Reached XP level 5. HP: 23/33 MP: 5/5
  1711 | D:3      | Reached ** piety under Trog
  1751 | D:3      | Noticed Natasha
  1758 | D:3      | Killed Natasha
  1892 | D:3      | Reached XP level 6. HP: 14/38 MP: 6/6
  1990 | D:3      | Noticed Natasha
  1995 | D:3      | Killed Natasha
  2126 | D:3      | Noticed Natasha
  2137 | D:3      | Killed Natasha
  2332 | D:4      | Reached XP level 7. HP: 44/44 MP: 7/7
  2462 | D:4      | Reached skill level 5 in Maces & Flails
  2550 | D:4      | Found an opulent altar of Gozag.
  2553 | D:4      | Found a broken altar of Ashenzari.
  2562 | D:4      | Found a shadowy altar of Dithmenos.
  2564 | D:4      | Found a snail-covered altar of Cheibriados.
  2567 | D:4      | Found a shimmering altar of Xom.
  2572 | D:4      | Found a bloodstained altar of Trog.
  2687 | D:5      | Entered Level 5 of the Dungeon
  2849 | D:5      | Reached skill level 5 in Armour
  2852 | D:5      | Slain by an orc

Illustrated notes

Levels and vault maps discovered:
D:1:      scummos_arrival_gate, layout_rooms, kennysheep_small_spiral,
          kennysheep_crisscross, hangedman_glass_teeth, chequers_garden,
          minmay_parallelograms, lemuel_flame_loot_1
D:2:      layout_basic, basic_ecumenical_altar
D:3:      layout_rooms, grunt_decor_one_mirror, uniq_natasha
D:4:      layout_cave_pools, nicolae_overflow_hallway_of_the_gods
D:5:      layout_loops_ring, minmay_temple_entry_slanted

Skill      XL: |  1  2  3  4  5  6  7 |
---------------+----------------------+-----
Stealth        | 1 2 3 |  3.2
Armour         | 3 4 5 |  5.0
Dodging        | 2 |  2.7
Maces & Flails | 4 5 |  5.0
Fighting       | 4 |  4.5

Action                     |  1- 3 |  4- 6 |  7- 9 || total
---------------------------+-------+-------+-------++-------
  Melee: Mace              |    94 |   163 |    72 ||   329
         Punch             |       |     1 |     1 ||     2
 Invoke: Berserk           |       |     1 |       ||     1
    Use: Potion            |       |     1 |       ||     1
         Scroll            |       |     1 |     1 ||     2
   Stab: Sleeping          |     1 |       |       ||     1
 Armour: Animal skin       |     8 |       |       ||     8
         Leather armour    |    19 |    39 |    22 ||    80
  Dodge: Dodged            |    69 |   138 |    58 ||   265
  Block: Other             |       |    20 |    21 ||    41
         Reflection        |       |     1 |       ||     1
